Map: Blueshift LE

Players

DemoniacMilk

  • Race: Terran Terran
  • League: Diamond
  • Spawn Location: 7:00

Diglett - Winner!

  • Race: Protoss Protoss
  • League: Diamond
  • Spawn Location: 1:00

VOD

Have the link to the VOD?

Description

Pure Marine in Clan War, D1

Time

  • Played on: Oct. 6, 2018, 1:24 p.m.
  • Length: 12:53
Show
View Real Time Build Order
Export as new Build Order

DemoniacMilk Terran 

Build Orders:  

Get SALT Encoding   

  12  0:00  SCV  
  13  0:13  SCV  
  14  0:17  Supply Depot  
  14  0:25  SCV  
  15  0:38  SCV  
  15  0:39  Barracks  
  16  0:50  SCV  
  16  0:52  Barracks  
  17  1:03  SCV  
  18  1:16  SCV  
  19  1:28  Marine  
  19  1:29  Orbital Command  
  20  1:44  Command Center  
  20  1:50  Marine x2  
  22  1:59  Supply Depot, SCV  
  23  2:20  Marine x2, SCV  
  23  2:22  Barracks  
  26  2:34  Barracks  
  26  2:38  Marine x2  
  26  2:40  SCV  
  29  2:52  SCV  
  29  2:56  Marine x2  
  32  2:59  Orbital Command  
  32  3:04  Engineering Bay, SCV  
  33  3:09  Marine  
  34  3:14  Marine x2  
  34  3:16  SCV  
  34  3:19  Supply Depot  
  37  3:20  Marine  
  38  3:27  Marine  
  38  3:28  SCV  
  38  3:30  SCV  
  38  3:31  Marine x2  
  43  3:35  Missile Turret  
  43  3:38  Marine  
  43  3:40  Missile Turret  
  43  3:41  SCV  
  45  3:45  Marine, SCV  
  47  3:49  Marine  
  47  3:52  Marine  
  47  3:53  SCV  
  50  3:56  Marine  
  50  3:57  SCV  
  52  4:03  Marine, Bunker  
  52  4:05  SCV  
  52  4:08  Marine  
  54  4:14  Marine  
  54  4:16  Marine  
  54  4:21  Marine  
  53  4:24  SCV  
  54  4:32  Marine x2, SCV  
  54  4:34  Marine, Command Center, Supply Depot  
  54  4:36  SCV  
  59  4:38  Marine  
  59  4:44  SCV  
  61  4:48  SCV  
  61  4:49  Marine, Barracks  
  61  4:50  Barracks  
  61  4:51  Marine  
  59  5:02  Marine x2  
  59  5:05  Refinery  
  59  5:06  Refinery  
  61  5:07  Marine  
  61  5:09  Marine  
  63  5:15  Barracks  
  63  5:17  Barracks  
  63  5:19  Marine, SCV  
  63  5:20  Marine, SCV  
  67  5:25  Marine  
  67  5:26  Supply Depot  
  67  5:27  Marine  
  69  5:31  SCV  
  70  5:37  Barracks Tech Lab  
  70  5:45  Marine x5  
  70  5:46  Supply Depot  
  70  5:47  Supply Depot  
  70  5:48  Orbital Command  
  75  5:56  Marine  
  76  5:58  Combat Shields  
  76  6:00  SCV  
  76  6:02  Marine  
  76  6:03  Marine x5  
  83  6:04  SCV  
  84  6:12  Orbital Command, SCV  
  84  6:13  Marine  
  84  6:14  Marine  
  84  6:16  SCV  
  88  6:20  Marine x2  
  88  6:21  Marine x4  
  88  6:24  SCV  
  95  6:28  SCV  
  95  6:29  Supply Depot  
  95  6:31  Marine x2  
  98  6:38  Marine x2, Terran Infantry Weapons Level 1  
  98  6:39  Marine x3  
  103  6:43  Engineering Bay  
  103  6:46  Marine  
  103  6:53  Marine x2  
  105  6:56  Marine x2  
  105  6:57  Marine x3  
  109  7:04  Marine  
  107  7:11  Marine x2  
  107  7:13  Marine  
  107  7:14  Marine x2  
  107  7:15  Marine x2  
  112  7:22  Marine  
  106  7:28  Marine  
  106  7:29  Marine  
  99  7:31  Marine, SCV  
  99  7:32  Marine x3, SCV x2  
  99  7:33  Marine  
  104  7:40  Marine  
  102  7:46  Marine x2  
  102  7:49  Marine  
  102  7:50  Marine x4  
  103  7:58  Marine  
  103  8:04  Marine x2  
  103  8:05  Stimpack  
  100  8:07  Marine x2, Terran Infantry Armor Level 1  
  100  8:08  Marine x3, Command Center  
  100  8:09  Factory, SCV x2  
  107  8:16  Marine  
  108  8:22  Marine x2  
  108  8:25  Marine x2, Ghost Academy  
  108  8:26  Marine x3  
  108  8:28  SCV x3  
  108  8:33  Marine  
  110  8:37  Supply Depot  
  110  8:39  Supply Depot  
  110  8:40  Marine x2, SCV  
  113  8:42  Marine, Supply Depot  
  113  8:43  Marine  
  113  8:44  Marine x2  
  113  8:47  Barracks  
  117  8:49  Marine, Barracks  
  117  8:51  Marine  
  117  8:52  Supply Depot  
  116  9:04  Marine  
  116  9:08  Marine  
  116  9:09  Marine x2  
  118  9:11  Marine x2  
  120  9:17  Marine  
  120  9:18  Marine  
  120  9:22  Marine  
  113  9:26  Marine x3  
  113  9:28  Marine  
  113  9:29  Marine  
  90  9:35  Marine  
  90  9:36  Marine  
  88  9:39  Marine  
  88  9:43  Planetary Fortress  
  88  9:44  Marine x3  
  91  9:46  Marine x2  
  91  9:53  Marine  
  91  9:55  Marauder  
  91  9:57  Marine  
  88  10:02  Marine x3  
  88  10:04  Marine x2  
  77  10:11  Marine  
  77  10:15  Marine x2  
  77  10:20  Marine x3  
  80  10:22  Marine x2  
  82  10:31  SCV  
  82  10:33  Marine  
  88  10:37  Marine  
  88  10:38  Marine x2  
  94  10:43  SCV  
  94  10:46  Marine x3  
  94  10:47  Marine  
  92  10:51  Marine  
  92  10:55  Marine x2  
  92  10:56  Marine  
  95  10:57  Command Center  
  95  11:04  Marine x2  
  95  11:08  Marine  
  95  11:09  Marine x2  
  100  11:13  Marine x3  
  103  11:21  Bunker  
  103  11:22  Marine  
  103  11:23  Bunker x2  
  98  11:42  Marine x2  
  98  11:46  Marine x3  
  98  11:47  Marine x3  
  85  12:00  Marine x2  
  78  12:14  Marine x3  
  78  12:15  Marine x3  
  83  12:18  Marine x2  
  55  12:32  Marine x4  
  55  12:33  Marine  
  64  12:37  Command Center  
Show
View Real Time Build Order
Export as new Build Order

Diglett Protoss - Winner!

Build Orders:  

Get SALT Encoding   

  12  0:01  Probe  
  13  0:13  Probe  
  14  0:22  Pylon  
  14  0:23  Probe  
  15  0:34  Assimilator  
  15  0:36  Probe  
  16  0:44  Gateway  
  16  0:49  Probe  
  17  1:01  Probe  
  18  1:11  Gateway  
  18  1:13  Probe  
  19  1:25  Assimilator, Probe  
  20  1:31  Cybernetics Core  
  20  1:35  Pylon  
  20  1:38  Probe  
  21  1:50  Probe  
  22  1:58  Stalker x2  
  22  2:02  Probe  
  27  2:10  Warp Gate  
  27  2:22  Pylon  
  28  2:28  Stalker  
  28  2:32  Stalker  
  30  2:38  Probe  
  31  2:50  Probe  
  32  3:06  Nexus  
  32  3:10  Probe  
  33  3:17  Shield Battery  
  33  3:22  Probe  
  34  3:34  Probe, Robotics Facility  
  35  3:46  Probe  
  36  3:57  Twilight Council  
  36  3:58  Probe  
  36  3:59  Gateway  
  37  4:15  Probe  
  38  4:21  Shield Battery  
  38  4:23  Stalker  
  40  4:26  Stalker  
  40  4:29  Probe  
  40  4:30  Probe  
  45  4:37  Shield Battery  
  43  4:41  Probe  
  43  4:45  Shield Battery  
  44  4:50  Blink  
  44  4:59  Stalker x2  
  46  5:00  Probe  
  46  5:01  Probe  
  46  5:04  Pylon  
  48  5:12  Observer  
  48  5:13  Probe  
  50  5:19  Pylon  
  50  5:20  Probe  
  51  5:25  Probe  
  52  5:32  Templar Archives  
  52  5:33  Observer  
  53  5:38  Stalker  
  53  5:39  Stalker  
  53  5:41  Probe  
  59  5:42  Probe  
  59  5:44  Sentry  
  59  5:48  Assimilator  
  61  5:52  Assimilator  
  61  5:53  Probe  
  62  6:01  Probe  
  63  6:05  Psionic Storm  
  63  6:06  Observer, Pylon  
  63  6:08  Probe  
  64  6:13  Probe  
  64  6:29  Probe  
  64  6:31  Nexus  
  64  6:32  Pylon  
  65  6:35  High Templar  
  65  6:36  Zealot x2  
  65  6:39  Probe  
  72  6:41  Charge  
  72  6:44  Probe  
  73  6:53  Probe  
  74  6:57  Probe  
  74  7:00  Zealot x2  
  79  7:08  Zealot  
  80  7:17  Probe  
  81  7:22  Gateway  
  81  7:24  Gateway  
  81  7:26  Gateway, Stalker  
  81  7:27  Probe  
  81  7:28  Gateway  
  84  7:34  Zealot  
  86  7:44  High Templar  
  80  7:50  Probe x2, Zealot  
  84  7:53  Forge x2  
  84  7:57  Pylon  
  80  8:16  Nexus  
  80  8:19  Zealot x3  
  80  8:28  Probe  
  81  8:36  Pylon  
  81  8:39  Protoss Ground Weapons Level 1, Protoss Ground Armor Level 1  
  79  8:55  Zealot x2  
  79  8:56  Zealot x2  
  85  9:12  High Templar x2  
  87  9:28  Archon  
  81  9:32  Zealot x4  
  77  9:53  Zealot x3  
  77  9:54  Zealot x3  
  77  9:56  Probe x3  
  72  10:11  Probe  
  72  10:13  Zealot x2  
  72  10:14  Zealot x2, High Templar  
  75  10:25  Probe  
  75  10:26  High Templar x2  
  75  10:27  Probe x2  
  80  10:31  Photon Cannon  
  80  10:35  High Templar x2  
  82  10:36  High Templar  
  82  10:37  Probe  
  82  10:39  Archon  
  82  10:40  Probe x2  
  87  10:46  Zealot  
  87  10:47  Zealot  
  91  10:55  Probe  
  92  10:58  Photon Cannon  
  92  11:00  Photon Cannon  
  92  11:05  Zealot  
  92  11:06  Zealot  
  96  11:17  High Templar  
  97  11:33  Zealot x6  
  98  11:54  Zealot x2, Stalker  
  98  11:55  Zealot  
  100  12:12  Zealot x3  
  100  12:13  Probe x2  
  92  12:25  Zealot x4  
  96  12:33  Zealot x3  
  92  12:47  Gateway  
  92  12:48  Archon  
  92  12:49  Gateway  
Tags
 
Add a new tag
Caveats
  • Supply blocks, unpowered buildings, or Contaminate may cause inaccurate times.
  • Supply counts are checked every 10 seconds.